cohdb
Replays
Latest Replays
All Replays
Popular Replays
Top Player Replays
Match Explorer
How It Works
Community
CoH3 Stats
Reddit
Sign in to upload your games and track your stats! →
Sign in with Steam
Match 38860978
Unlisted
Match 38860978
Overview
Messages
Build Orders
End
Scout Squad
Construct Barracks
Riflemen Squad
Riflemen Squad
Riflemen Squad
Construct Weapon Support Center
Engineer Squad
Infantry Support Center
Bazooka Squad
Improved M9 Bazooka Rockets
Bazooka Squad
RINZLER
REGULATOR
0
0
Comments
sign in to comment!
No comments posted yet!